[Event "Titled Tuesday Blitz July 4 Early 2023"]
[White "Rodriguez Santiago, Jaime"]
[Black "Herzog2012"]
[WhiteFideId "3100898"]
[WhiteElo "2330"]
[BlackElo "2476"]
[Result "0-1"]
[Round "10"]
[TimeControl "180+2"]
[Date "2023.07.04"]
[WhiteClock "0:00:08"]
[BlackClock "0:00:03"]
[Board "115"]

1. c4 e5 2. Nc3 Nf6 3. g3 d5 4. cxd5 Nxd5 5. Bg2 Nb6 6. e3 Be7 7. Nge2 O-O 8. O-O c6 9. f4 exf4 10. Nxf4 N8d7 11. b3 Bf6 12. Nh5 Bxc3 13. dxc3 Ne5 14. Qd4 Qxd4 15. exd4 Nd3 16. Ba3 Re8 17. Rad1 Bg4 18. Rxd3 Bxh5 19. Rd2 Nd5 20. Bxd5 cxd5 21. Rf5 Bg6 22. Rxd5 Re1+ 23. Kf2 Rh1 24. h4 Rh2+ 25. Ke3 Rh3 26. Bd6 f6 27. Kf3 Rh1 28. Rc5 Re8 29. Bf4 Be4+ 30. Kf2 Rh2+ 31. Ke1 Bd3+ 32. Be5 Rh1+ 33. Kf2 Be4 34. Re2 Rh2+ 35. Ke3 Rxe2+ 36. Kxe2 fxe5 37. dxe5 Bc6 38. Ke3 Kf7 39. Kd4 Rd8+ 40. Ke3 Rd5 41. Rxd5 Bxd5 42. c4 Bc6 43. Kd4 Ke6 44. b4 a6 45. a3 h5 46. c5 g6 47. a4 Bxa4 0-1


[Site "https://www.chess.com"]

[Event "Titled Tuesday Blitz July 4 Early 2023"]
[White "UNSTOPPABLE_LEGEND"]
[Black "Osinovsky, Stepan"]
[BlackFideId "4157354"]
[WhiteElo "2471"]
[BlackElo "2311"]
[Result "0-1"]
[Round "10"]
[TimeControl "180+2"]
[Date "2023.07.04"]
[WhiteClock "0:00:00"]
[BlackClock "0:00:12"]
[Board "116"]

1. e4 e5 2. Nf3 Nc6 3. Bc4 Nf6 4. Ng5 d5 5. exd5 Na5 6. Bb5+ c6 7. dxc6 bxc6 8. Bd3 Nd5 9. Nf3 Bd6 10. O-O O-O 11. Re1 Qc7 12. Nc3 f5 13. Bf1 e4 14. Nd4 Bxh2+ 15. Kh1 Rf6 16. Qh5 Bd7 17. d3 Bf4 18. Bxf4 Qxf4 19. Nxd5 cxd5 20. g3 Qxf2 21. Qe2 Qxd4 22. Bh3 Rh6 23. Kg2 Nc6 24. Rf1 f4 25. Bxd7 f3+ 26. Rxf3 exf3+ 27. Qxf3 Ne5 0-1


[Site "https://www.chess.com"]

[Event "Titled Tuesday Blitz July 4 Early 2023"]
[White "Nunez V, Gustavo Eduardo"]
[Black "Kostiukov, Alexandr"]
[WhiteFideId "4403690"]
[BlackFideId "14108100"]
[WhiteElo "2465"]
[BlackElo "2297"]
[Result "1-0"]
[Round "10"]
[TimeControl "180+2"]
[Date "2023.07.04"]
[WhiteClock "0:00:19"]
[BlackClock "0:00:00"]
[Board "117"]

1. e4 c5 2. Nc3 g6 3. g3 Bg7 4. Bg2 Nc6 5. d3 d6 6. Be3 e5 7. Nh3 Nge7 8. O-O Nd4 9. f4 O-O 10. Nf2 f5 11. exf5 Nexf5 12. Bd2 Rb8 13. a4 Be6 14. Nfe4 Kh8 15. Ng5 Bg8 16. Bd5 h6 17. Bxg8 Kxg8 18. Nge4 b6 19. Nd5 Kh7 20. c3 Nc6 21. Qg4 Nce7 22. Nxe7 Qxe7 23. fxe5 Bxe5 24. Rae1 Qd7 25. Qh3 h5 26. Ng5+ Kg8 27. Qg2 Qb7 28. Rf3 Qd5 29. Ref1 Rbe8 30. Qh3 Bg7 31. g4 Nh6 32. Rxf8+ Rxf8 33. Rxf8+ Bxf8 34. gxh5 gxh5 35. Qxh5 Qf5 36. Qe8 Qxd3 37. Qe6+ Kh8 38. Qf6+ Kg8 39. Qe6+ Kh8 40. Qe3 1-0


[Site "https://www.chess.com"]

[Event "Titled Tuesday Blitz July 4 Early 2023"]
[White "Bilan, Danila"]
[Black "Schut, Han"]
[WhiteFideId "24161918"]
[BlackFideId "1005561"]
[WhiteElo "2511"]
[BlackElo "2308"]
[Result "1-0"]
[Round "10"]
[TimeControl "180+2"]
[Date "2023.07.04"]
[WhiteClock "0:00:07"]
[BlackClock "0:00:12"]
[Board "118"]

1. d4 Nf6 2. Nf3 g6 3. Bg5 Bg7 4. c3 d5 5. Nbd2 O-O 6. e3 b6 7. Bd3 Bb7 8. O-O Ne4 9. Bh4 Nd7 10. Qc2 f5 11. Ng5 Nxg5 12. Bxg5 Qe8 13. f4 Nf6 14. c4 Ng4 15. Rfe1 Nxe3 16. Rxe3 Bxd4 17. Nf1 e5 18. cxd5 Bxd5 19. Kh1 Bxe3 20. Nxe3 Bf7 21. Qxc7 exf4 22. Qxf4 Rd8 23. Bxd8 Qxd8 24. Bc4 Qd2 25. Rd1 Qxb2 26. h4 Bxc4 27. Qxc4+ Kg7 28. Rd7+ Kf6 29. Nd5+ Ke6 30. Qc6+ Ke5 31. Qc7+ Kd4 32. Qf4+ Kc5 33. Rc7+ Kb5 34. Qc4+ Ka5 35. Rxa7# 1-0


[Site "https://www.chess.com"]

[Event "Titled Tuesday Blitz July 4 Early 2023"]
[White "Slavin, Alexey"]
[Black "Turzo, Attila"]
[WhiteFideId "24104388"]
[BlackFideId "704954"]
[WhiteElo "2369"]
[BlackElo "2506"]
[Result "0-1"]
[Round "10"]
[TimeControl "180+2"]
[Date "2023.07.04"]
[WhiteClock "0:00:00"]
[BlackClock "0:00:10"]
[Board "119"]

1. e4 d6 2. d4 Nf6 3. Nc3 g6 4. Be3 Bg7 5. Qd2 c6 6. Bh6 Bxh6 7. Qxh6 e5 8. O-O-O Qe7 9. Nf3 Bg4 10. dxe5 dxe5 11. Bc4 Nbd7 12. h3 Bxf3 13. gxf3 Nh5 14. Qe3 O-O 15. Ne2 Nc5 16. h4 Rad8 17. a3 b6 18. Ng3 Rxd1+ 19. Kxd1 Nf4 20. h5 Rd8+ 21. Kc1 Qd6 22. hxg6 hxg6 23. Ne2 Nxe2+ 24. Qxe2 Ne6 25. Bxe6 Qxe6 26. Qe3 Qf6 27. Qh6 Qg7 28. Qg5 Rd7 29. Rd1 Rxd1+ 30. Kxd1 f6 31. Qg4 f5 32. exf5 Qd7+ 33. Ke2 Qxf5 34. Qe4 Qf6 35. Qc4+ Kg7 36. b4 Qd6 37. a4 Kf6 38. c3 g5 39. b5 c5 40. Qe4 Qe6 41. Kd3 Qd6+ 42. Kc4 Qd1 43. Qc6+ Kf5 44. Qc8+ Kg6 45. Qe8+ Kg7 46. Qxe5+ Kh6 47. Qf6+ Kh7 48. Qf5+ Kh6 49. Qe6+ Kh5 50. Qf7+ Kh6 51. Qf6+ Kh7 52. Qxg5 Qxa4+ 53. Kd3 Qxb5+ 54. Ke3 Qd7 55. Qh5+ Kg7 56. Qe5+ Kf7 57. f4 Qe6 58. Ke4 a5 59. f5 Qxe5+ 60. Kxe5 a4 0-1


[Site "https://www.chess.com"]

[Event "Titled Tuesday Blitz July 4 Early 2023"]
[White "Fernandez, Michael"]
[Black "Ljukin, Sergei"]
[WhiteFideId "5803560"]
[BlackFideId "14102200"]
[WhiteElo "2362"]
[BlackElo "2506"]
[Result "1-0"]
[Round "10"]
[TimeControl "180+2"]
[Date "2023.07.04"]
[WhiteClock "0:00:07"]
[BlackClock "0:00:07"]
[Board "120"]

1. e4 e6 2. d4 d5 3. Nc3 Bb4 4. e5 Ne7 5. Bd2 b6 6. Nf3 O-O 7. a3 Bxc3 8. Bxc3 Ba6 9. Bxa6 Nxa6 10. Qd3 Nb8 11. h4 c5 12. Ng5 Ng6 13. Qg3 h6 14. Nxe6 fxe6 15. Qxg6 Qe7 16. dxc5 bxc5 17. Bd2 Nc6 18. f4 Rab8 19. b3 Nd4 20. Qd3 h5 21. g3 Nf5 22. O-O Rfc8 23. Rab1 Rb6 24. c4 Rd8 25. Ba5 dxc4 26. Qxc4 Rd4 27. Qc3 Rb8 28. Rbc1 Rc8 29. Rfd1 Rcd8 30. Rxd4 Rxd4 31. Rc2 Qd7 32. Rd2 Qd5 33. Rxd4 cxd4 34. Qd3 Qd7 35. Bd2 Qd5 36. b4 Kh7 37. Kf2 a6 38. Qf3 Qc4 39. Qxh5+ Kg8 40. Qe8+ Kh7 41. Qh5+ Nh6 42. Qe2 Qc2 43. f5 Qxf5+ 44. Qf3 Ng4+ 45. Kg2 Nxe5 46. Qxf5+ exf5 47. a4 Nc4 48. Bf4 d3 49. Kf3 d2 50. Ke2 g5 51. hxg5 Kg6 52. Bxd2 Nb2 53. b5 axb5 54. axb5 Nc4 55. Be3 Kf7 56. b6 Nd6 57. Bf4 Nb7 58. Kd3 Ke6 59. Kd4 1-0


[Site "https://www.chess.com"]

[Event "Titled Tuesday Blitz July 4 Early 2023"]
[White "Seletsky, Grigory"]
[Black "Shuvalov, Evgenij"]
[WhiteFideId "14112191"]
[BlackFideId "4187237"]
[WhiteElo "2355"]
[BlackElo "2502"]
[Result "1/2-1/2"]
[Round "10"]
[TimeControl "180+2"]
[Date "2023.07.04"]
[WhiteClock "0:00:11"]
[BlackClock "0:00:08"]
[Board "121"]

1. e4 e6 2. d4 d5 3. Nd2 c5 4. exd5 exd5 5. Ngf3 Nc6 6. dxc5 Bxc5 7. Nb3 Bb6 8. c3 Nf6 9. Be2 O-O 10. O-O h6 11. Nfd4 Ne5 12. h3 Re8 13. Be3 Bd7 14. Qc2 Qc7 15. Rad1 Nc4 16. Bxc4 dxc4 17. Nd2 Nd5 18. Rfe1 Nxe3 19. Rxe3 Rxe3 20. fxe3 Re8 21. Nf1 Qe5 22. Qf2 Bc8 23. Qf3 Rd8 24. Rd2 Rd6 25. Rf2 Rf6 26. Qe2 Rg6 27. Qxc4 Be6 28. Nxe6 Rxe6 29. Qf4 Qxf4 30. Rxf4 Bxe3+ 31. Nxe3 Rxe3 32. Kf2 Rd3 33. Ke2 Rd7 34. Re4 f5 35. Re5 g6 36. a4 Kf7 37. a5 Kf6 38. Rb5 f4 39. c4 g5 40. b3 Re7+ 41. Kf2 Re5 42. Rxb7 Rxa5 43. b4 Ra2+ 44. Kf1 Ke5 45. c5 Kd5 46. Rh7 Rb2 47. Rxa7 Rxb4 48. Rh7 Kxc5 49. Rxh6 Kd4 50. Re6 Rb2 51. Rg6 Rb5 52. Kf2 Ke4 53. Rf6 Rb2+ 54. Kf1 Ke3 55. Re6+ Kd4 56. Re8 Rb5 57. Kf2 Rb3 58. Rg8 Rg3 59. Re8 Kd5 60. Kf1 Kd4 61. Kf2 Kd3 62. Re5 Kd2 63. Rd5+ Kc3 64. Re5 Kd4 65. Re7 Kd3 66. Re8 Re3 67. Rg8 Re5 68. Kf3 Re3+ 69. Kf2 Rg3 70. Re8 Kd4 71. Re7 Kd5 72. Re8 Kd6 73. Re2 Kd7 74. Re1 Kd6 75. Re2 Kd5 76. Re1 Rc3 77. Re2 Kd4 78. Re1 Rc2+ 79. Kf3 Rc3+ 80. Kf2 Re3 81. Rxe3 fxe3+ 82. Ke2 Ke4 83. g3 Kd4 84. h4 gxh4 85. gxh4 Ke4 86. h5 Kf5 87. h6 Kg6 88. Kxe3 Kxh6 1/2-1/2


[Site "https://www.chess.com"]

[Event "Titled Tuesday Blitz July 4 Early 2023"]
[White "Belov, Alexei"]
[Black "Koridze, Lile"]
[WhiteFideId "4128206"]
[BlackFideId "13612514"]
[WhiteElo "2486"]
[BlackElo "2352"]
[Result "1-0"]
[Round "10"]
[TimeControl "180+2"]
[Date "2023.07.04"]
[WhiteClock "0:00:19"]
[BlackClock "0:00:01"]
[Board "122"]

1. e4 c5 2. Nf3 d6 3. d4 cxd4 4. Nxd4 Nf6 5. Nc3 a6 6. Be2 e5 7. Nb3 Be7 8. O-O Be6 9. f4 Qc7 10. f5 Bc4 11. Kh1 b5 12. a3 O-O 13. g4 h6 14. g5 hxg5 15. Bxg5 d5 16. Bxf6 Bxf6 17. Bxc4 dxc4 18. Nd5 Qc6 19. Nd2 Nd7 20. Qg4 Nb6 21. Nxf6+ Qxf6 22. Nf3 Rad8 23. Rg1 Rfe8 24. Rg2 Kf8 25. Rag1 Nd7 26. Qh5 Ke7 27. Rxg7 Rh8 28. Qg5 Nc5 29. Nxe5 Qxg5 30. R1xg5 Nxe4 31. Nxf7 Rd1+ 32. Rg1 Nf2+ 33. Kg2 Rxg1+ 34. Kxg1 Nh3+ 35. Kg2 Nf4+ 36. Kf3 Rh4 37. Ne5+ Kf6 38. Rg4 Rxg4 39. Nxg4+ Kxf5 40. Ne3+ Ke5 41. h4 Ng6 42. Kg4 a5 43. h5 Nf8 44. a4 Kd4 45. axb5 Kxe3 46. b6 a4 47. b7 c3 48. b8=Q 1-0


[Site "https://www.chess.com"]

[Event "Titled Tuesday Blitz July 4 Early 2023"]
[White "Sovetbekova, Nurai"]
[Black "Shapiro, Viktor"]
[WhiteFideId "13801910"]
[BlackFideId "4175700"]
[WhiteElo "2349"]
[BlackElo "2465"]
[Result "1-0"]
[Round "10"]
[TimeControl "180+2"]
[Date "2023.07.04"]
[WhiteClock "0:00:19"]
[BlackClock "0:00:02"]
[Board "123"]

1. d4 Nf6 2. c4 e6 3. Nc3 Bb4 4. a3 Bxc3+ 5. bxc3 c5 6. e3 d6 7. Bd3 Nc6 8. f3 h5 9. Ne2 e5 10. O-O O-O 11. d5 Ne7 12. Qc2 b5 13. cxb5 Nexd5 14. c4 Ne7 15. e4 a6 16. Bg5 axb5 17. Bxf6 gxf6 18. cxb5 Kg7 19. Rfd1 Be6 20. Bc4 Qb6 21. a4 h4 22. Qb3 Bxc4 23. Qxc4 Rfd8 24. Nc3 Qa5 25. Nd5 Nxd5 26. Rxd5 h3 27. gxh3 Rh8 28. Rxd6 Rxh3 29. Rd7 Rf8 30. Kg2 Rh6 31. Rad1 Rg6+ 32. Kh1 Rg5 33. Rg1 Rxg1+ 34. Kxg1 Qe1+ 35. Kg2 Qh4 36. h3 Qg5+ 37. Kf2 Qh4+ 38. Kg2 Qg5+ 39. Kf1 Qg3 40. Qxc5 Qxf3+ 41. Qf2 Qxe4 42. Qg2+ Kh7 43. Qxe4+ 1-0


[Site "https://www.chess.com"]

[Event "Titled Tuesday Blitz July 4 Early 2023"]
[White "Dobre, Claudiu-Cristian"]
[Black "Rudzinska, Michalina"]
[WhiteFideId "1211854"]
[BlackFideId "1172883"]
[WhiteElo "2443"]
[BlackElo "2330"]
[Result "1-0"]
[Round "10"]
[TimeControl "180+2"]
[Date "2023.07.04"]
[WhiteClock "0:00:01"]
[BlackClock "0:00:00"]
[Board "124"]

1. e4 c6 2. Nf3 d5 3. exd5 cxd5 4. Ne5 g6 5. Bb5+ Nd7 6. d4 Bg7 7. O-O Nf6 8. Nd2 O-O 9. f4 Qb6 10. Qe2 Qxd4+ 11. Kh1 Nxe5 12. fxe5 Ne4 13. Nf3 Qb6 14. Be3 Qc7 15. Bd4 Bg4 16. Bd3 Nc5 17. Bxc5 Qxc5 18. h3 Bxf3 19. Rxf3 Qd4 20. e6 f5 21. c3 Qb6 22. g4 fxg4 23. Rf7 Rxf7 24. exf7+ Kxf7 25. Rf1+ Bf6 26. hxg4 Kg7 27. Qg2 Qe6 28. g5 Be5 29. Re1 Kg8 30. Re3 Qd6 31. Qe2 Bf4 32. Re6 Qd8 33. Rxe7 Qf8 34. Qe6+ Kh8 35. Rf7 Qd6 36. Qh3 h5 37. gxh6 Re8 38. Qf1 Bg3 39. Qf6+ Qxf6 40. Rxf6 Re3 41. Bb5 Be5 42. Rxg6 Re1+ 43. Kg2 Rb1 44. Kf3 Rxb2 45. Kg4 Bxc3 46. Kf5 Rf2+ 47. Ke6 d4 48. Bd3 Rf8 49. Rg7 Re8+ 50. Kd7 Re3 51. Bg6 1-0


[Site "https://www.chess.com"]

[Event "Titled Tuesday Blitz July 4 Early 2023"]
[White "Manukian, Artak"]
[Black "CarolinaLujan"]
[WhiteFideId "13301373"]
[WhiteElo "2431"]
[BlackElo "2310"]
[Result "1/2-1/2"]
[Round "10"]
[TimeControl "180+2"]
[Date "2023.07.04"]
[WhiteClock "0:00:10"]
[BlackClock "0:01:17"]
[Board "125"]

1. e4 c5 2. Nf3 Nc6 3. c3 d5 4. exd5 Qxd5 5. d4 Bg4 6. Be2 Nf6 7. h3 Bf5 8. c4 Qd8 9. d5 Nb4 10. Na3 e6 11. dxe6 Qxd1+ 12. Bxd1 Nd3+ 13. Ke2 Nxc1+ 14. Rxc1 Bxe6 15. Ba4+ Bd7 16. Bxd7+ Nxd7 17. Nb5 O-O-O 18. Nxa7+ Kb8 19. Nb5 g6 20. Rhd1 Re8+ 21. Kf1 Nb6 22. b3 Bh6 23. Rc2 Re6 24. Re2 Rhe8 25. Rxe6 Rxe6 26. Rd8+ Nc8 27. Rh8 g5 28. Rxh7 f5 29. g4 fxg4 30. hxg4 b6 31. Nc7 Rc6 32. Na6+ Ka8 33. Rc7 Rxc7 34. Nxc7+ Kb7 35. Nd5 Nd6 36. Ne5 Bg7 37. Nf3 Ne4 38. Ke2 Bd4 39. Nxd4 cxd4 40. f3 Nc5 41. Nb4 Kc7 42. Nd3 Ne6 43. b4 Kd6 44. a4 Kc6 45. Kd2 Kd6 46. c5+ bxc5 47. Nxc5 Nf4 48. Ne4+ Kd5 49. Nxg5 Kc4 50. b5 Nd5 51. Ne4 Kb4 52. g5 Kxa4 53. g6 Kxb5 54. g7 Ne7 55. Nf6 Kc5 56. Kd3 Kd6 57. g8=Q Nxg8 58. Nxg8 Ke5 59. Nh6 Kf4 60. Kxd4 Kxf3 1/2-1/2


[Site "https://www.chess.com"]

[Event "Titled Tuesday Blitz July 4 Early 2023"]
[White "Acikel, Mert"]
[Black "Philippe, Guillaume"]
[WhiteFideId "12956465"]
[BlackFideId "36048763"]
[WhiteElo "2300"]
[BlackElo "2417"]
[Result "1/2-1/2"]
[Round "10"]
[TimeControl "180+2"]
[Date "2023.07.04"]
[WhiteClock "0:00:00"]
[BlackClock "0:00:13"]
[Board "126"]

1. e4 c5 2. Nf3 Nc6 3. Bb5 e6 4. O-O Nge7 5. d4 cxd4 6. Nxd4 Ng6 7. Re1 Be7 8. Nc3 O-O 9. Be3 a6 10. Bf1 Qc7 11. Qd2 b5 12. h3 Bb7 13. Rad1 Rac8 14. g3 Na5 15. Nb3 Ne5 16. Qe2 b4 17. Na4 Bxe4 18. Bb6 Nf3+ 19. Kh1 Nxe1+ 20. Qxe4 Qxc2 21. Qxc2 Nxc2 22. Bxa5 d5 23. Bxa6 Ra8 24. Bd3 Nd4 25. Nxd4 Rxa5 26. b3 Bf6 27. Nc6 Raa8 28. Nxb4 Rfd8 29. Rc1 e5 30. Be2 e4 31. Nb6 Ra5 32. Nc6 Bb2 33. Rc2 Bd4 34. Nxd4 Ra3 35. Kg2 g6 36. Nb5 Ra5 37. Nd4 h5 38. a4 Rd6 39. Nc8 Rf6 40. Ne7+ Kg7 41. Bb5 h4 42. Nxd5 Rd6 43. Rc5 hxg3 44. Kxg3 f5 45. Ne2 g5 46. f4 exf3 47. Kxf3 Kg6 48. Ne3 f4 49. Nc4 Rd3+ 50. Kg2 f3+ 51. Kf2 fxe2 52. Be8+ Kf6 53. Rxa5 Rxb3 54. Kxe2 Rxh3 55. Bd7 Rc3 56. Rc5 Ke7 57. Bb5 g4 58. a5 g3 59. a6 g2 60. Kf2 Rc2+ 61. Kg1 Ra2 62. Rc7+ Kd8 63. Rb7 Kc8 64. Rg7 Kb8 65. a7+ Rxa7 66. Rxa7 Kxa7 67. Bc6 Kb8 68. Bxg2 Kc7 69. Kf2 Kb8 70. Ke3 Kc7 71. Kd4 Kd7 72. Kd5 Ke7 73. Bh3 Kf6 74. Ke4 Ke7 75. Ke5 Kf7 76. Nd6+ Ke7 77. Be6 Kd8 78. Nb5 Ke7 79. Nd4 Ke8 80. Nc6 Kf8 81. Kf6 Ke8 82. Bf5 Kf8 83. Ne5 Ke8 84. Nf7 Kf8 85. Bh7 Ke8 86. Ne5 Kd8 87. Ke6 Kc7 88. Nd7 Kc6 89. Bd3 Kc7 90. Be4 Kc8 91. Kd6 Kd8 92. Bd5 Ke8 93. Be6 Kd8 94. Bf7 Kc8 95. Nc5 Kd8 96. Nb7+ Kc8 97. Kc6 Kb8 98. Bc4 Kc8 99. Bd3 Kb8 100. Nc5 Ka7 101. Be4 Kb8 102. Bf5 Ka8 103. Kb6 Kb8 1/2-1/2


[Site "https://www.chess.com"]

[Event "Titled Tuesday Blitz July 4 Early 2023"]
[White "Xavier_mompel"]
[Black "Kuznetsov, Mikhail"]
[BlackFideId "4117190"]
[WhiteElo "2255"]
[BlackElo "2406"]
[Result "0-1"]
[Round "10"]
[TimeControl "180+2"]
[Date "2023.07.04"]
[WhiteClock "0:00:00"]
[BlackClock "0:00:05"]
[Board "127"]

1. e4 c6 2. Nf3 d5 3. Nc3 a6 4. Be2 Bg4 5. O-O e6 6. h3 Bh5 7. d4 Nf6 8. exd5 cxd5 9. Ne5 Bxe2 10. Qxe2 Nc6 11. Nxc6 bxc6 12. Be3 Bd6 13. Rfe1 O-O 14. Rad1 Rb8 15. Na4 Qa5 16. b3 Ne4 17. f3 Nc3 18. Qd2 Bb4 19. a3 Bxa3 20. Nxc3 Bb4 21. Ra1 Qb6 22. Qd3 a5 23. Na4 Qb5 24. Red1 Rfc8 25. Qxb5 cxb5 26. Nc5 Bc3 27. Ra2 a4 28. bxa4 bxa4 29. Nxa4 Bb4 30. Nc5 Bc3 31. Ra3 Bb4 32. Rb3 Ba5 33. Rdb1 Rxb3 34. Rxb3 Bc7 35. Rb7 Bd6 36. c3 h5 37. Rd7 Bg3 38. Bf2 Bf4 39. Be1 Be3+ 40. Kf1 Bg5 41. Ke2 Bf6 42. Kd3 h4 43. Bd2 g6 44. Bf4 Kg7 45. Be5 Bxe5 46. Nxe6+ Kf6 47. dxe5+ Kxe6 48. Rd6+ Kxe5 49. Rd7 Ke6 50. Rb7 Ra8 51. Kd4 Ra4+ 52. Ke3 Ra2 53. Rb6+ Kf5 54. Rb4 Rxg2 55. Rxh4 g5 56. Rh7 f6 57. Kd4 Ke6 58. Ke3 Rc2 59. Kd3 Rg2 60. Ke3 Rg1 61. Kd3 Rd1+ 62. Ke2 Rc1 63. Kd3 Rg1 64. Ke2 Ke5 65. Ke3 Re1+ 66. Kd3 Kf4 67. Kd2 Re6 68. Rd7 Kxf3 69. Rxd5 Ke4 70. Rd4+ Ke5 71. Ke3 f5 72. Kf3 Rc6 73. Rd3 Rc4 74. Kg3 Rc5 75. Re3+ Kf6 76. Rd3 Rc4 77. Kf3 Kg6 78. Rd6+ Kh5 79. Rd3 Kh4 80. Kg2 f4 81. Rf3 Rc5 82. Rd3 Re5 83. Rd7 Re2+ 84. Kf3 Re3+ 85. Kg2 Rg3+ 86. Kf2 Kxh3 87. Rh7+ Kg4 88. c4 Rc3 89. Rc7 Rc2+ 90. Kf1 Kf3 91. Ke1 g4 92. c5 g3 93. c6 g2 0-1


[Site "https://www.chess.com"]

[Event "Titled Tuesday Blitz July 4 Early 2023"]
[White "Ncatt"]
[Black "VoicelessFeather"]
[WhiteElo "2406"]
[BlackElo "2230"]
[Result "0-1"]
[Round "10"]
[TimeControl "180+2"]
[Date "2023.07.04"]
[WhiteClock "0:00:02"]
[BlackClock "0:00:08"]
[Board "128"]

1. g3 d5 2. Bg2 Nf6 3. Nf3 Bg4 4. O-O e6 5. h3 Bh5 6. b3 Bd6 7. Bb2 O-O 8. d4 c5 9. c3 Nc6 10. Nbd2 Rc8 11. e3 Ne4 12. g4 Bg6 13. c4 f5 14. cxd5 exd5 15. dxc5 Bxc5 16. Rc1 fxg4 17. hxg4 Nb4 18. Ne5 Nxf2 19. Rxf2 Bxe3 20. Ndf3 Qb6 21. Rxc8 Bxf2+ 22. Kh2 Rxc8 23. a3 Nc2 24. Qxd5+ Kh8 25. Ng5 Qc7 26. Kh1 Ne3 27. Nxg6+ hxg6 28. Qf3 Nxg2 29. Kxg2 Qc2 30. Bxg7+ Kxg7 31. Qf7+ Kh6 32. Qh7+ Kxg5 33. Qe7+ Kf4 34. Qd6+ Ke3 35. Qe5+ Kd3 36. Qd5+ Kc3 37. Qe5+ Kd2 38. Kxf2 Rf8+ 39. Kg2 Qc6+ 40. Kg1 Qb6+ 41. Kh1 Rf1+ 42. Kh2 Qf2+ 43. Kh3 Rh1+ 0-1


[Site "https://www.chess.com"]

[Event "Titled Tuesday Blitz July 4 Early 2023"]
[White "Tagliata"]
[Black "Rios Escobar, Adan"]
[BlackFideId "3403645"]
[WhiteElo "2187"]
[BlackElo "2398"]
[Result "1-0"]
[Round "10"]
[TimeControl "180+2"]
[Date "2023.07.04"]
[WhiteClock "0:00:42"]
[BlackClock "0:00:10"]
[Board "129"]

1. e4 c5 2. Nf3 d6 3. d4 cxd4 4. Nxd4 Nf6 5. Nc3 a6 6. Be2 e5 7. Nb3 Be6 8. Be3 Nbd7 9. f4 Rc8 10. f5 Bc4 11. Bxc4 Rxc4 12. Qf3 b5 13. Nd2 Rc6 14. a3 Qc7 15. O-O Be7 16. g4 h5 17. h3 hxg4 18. hxg4 d5 19. exd5 e4 20. Qg2 Rxc3 21. bxc3 Nxd5 22. Bd4 e3 23. Nb3 Nf4 24. Rxf4 Qxf4 25. Rf1 Qh6 26. Qa8+ Bd8 27. Qg2 Bc7 28. Rf3 Bf4 29. Nc1 Ne5 30. Bxe5 Bxe5 31. Nd3 Bxc3 32. g5 Qb6 33. Qe2 Bd4 34. c3 Bc5 35. Nxc5 Qxc5 36. Rxe3+ Kd7 37. Qd3+ Kc8 38. Qd4 Qxd4 39. cxd4 Rd8 40. Re7 Rd7 41. Re8+ Kc7 42. Rg8 Kd6 43. Rxg7 Kd5 44. g6 Kxd4 45. Rxf7 Rd8 46. f6 Ke5 47. g7 Rd1+ 48. Kf2 Rd2+ 49. Ke3 Rg2 50. Rf8 Ke6 51. g8=Q+ Rxg8 52. Rxg8 Kxf6 53. Ra8 Ke5 54. Rxa6 Kd5 55. Ra8 Kc4 56. Rb8 Kc5 57. Kd3 Kc6 58. Kc3 Kc5 59. Rh8 Kb6 60. Rh5 Ka5 61. Kb3 Ka6 62. Kb4 Kb6 63. Rxb5+ Ka6 64. Rh5 Ka7 65. Rh6 Kb7 66. Kb5 Ka7 67. Rh7+ Kb8 68. Kc6 Kc8 69. Rh8# 1-0


[Site "https://www.chess.com"]

[Event "Titled Tuesday Blitz July 4 Early 2023"]
[White "Bazilius, Augustinas"]
[Black "Schachpanda_Youtube"]
[WhiteFideId "12832251"]
[WhiteElo "2395"]
[BlackElo "2212"]
[Result "0-1"]
[Round "10"]
[TimeControl "180+2"]
[Date "2023.07.04"]
[WhiteClock "0:00:50"]
[BlackClock "0:01:00"]
[Board "130"]

1. d4 d5 2. c4 e6 3. Nf3 Nf6 4. g3 Be7 5. Bg2 O-O 6. O-O dxc4 7. Ne5 Nc6 8. Bxc6 bxc6 9. Nxc6 Qe8 10. Nxe7+ Qxe7 11. Qa4 Bb7 12. Qxc4 e5 13. dxe5 Qxe5 14. Nc3 Rad8 15. Bf4 Qh5 16. Qxc7 Rd7 17. Qc4 Qh3 18. f3 Ng4 19. Rf2 Nxf2 20. Kxf2 Qxh2+ 21. Ke3 Re8+ 22. Ne4 Rde7 23. Rd1 Bxe4 24. fxe4 Rxe4+ 25. Qxe4 Rxe4+ 26. Kxe4 Qxe2+ 0-1


[Site "https://www.chess.com"]

[Event "Titled Tuesday Blitz July 4 Early 2023"]
[White "Rozhkov, Viacheslav"]
[Black "Sailer, Mike"]
[WhiteFideId "4181484"]
[BlackFideId "2012901"]
[WhiteElo "2382"]
[BlackElo "2120"]
[Result "1/2-1/2"]
[Round "10"]
[TimeControl "180+2"]
[Date "2023.07.04"]
[WhiteClock "0:00:19"]
[BlackClock "0:00:08"]
[Board "131"]

1. e4 d5 2. exd5 Qxd5 3. Nc3 Qd6 4. d4 Nf6 5. Nf3 c6 6. g3 Bf5 7. Bg2 e6 8. O-O Be7 9. Bf4 Qd8 10. Qe2 h6 11. Rad1 O-O 12. Ne5 Nbd7 13. Ne4 Nxe4 14. Bxe4 Bxe4 15. Qxe4 Nxe5 16. dxe5 Qb6 17. b3 Rad8 18. c4 Rxd1 19. Rxd1 Rd8 20. Qe2 Qc7 21. h4 Rd7 22. h5 Qd8 23. Rxd7 Qxd7 24. Kg2 a6 25. Be3 b5 26. cxb5 cxb5 27. Qf3 Qc8 28. Qe4 Bf8 29. g4 Be7 30. Kg3 Bf8 31. g5 hxg5 32. Bxg5 Qc3+ 33. Be3 Qa1 34. a4 bxa4 35. bxa4 Qg1+ 36. Kh3 Qf1+ 37. Kh2 Qe2 38. Qh4 Qb2 39. Qg3 Qe2 40. h6 Qh5+ 41. Kg2 g6 42. Qf4 Qd1 43. h7+ Kxh7 44. Qxf7+ Bg7 45. Qxe6 Qxa4 46. Qh3+ Kg8 47. Qc8+ Kh7 48. Qh3+ Kg8 49. Qc8+ Kh7 50. Qh3+ 1/2-1/2


[Site "https://www.chess.com"]

[Event "Titled Tuesday Blitz July 4 Early 2023"]
[White "Girya, Olga"]
[Black "Sanchez, Robert"]
[WhiteFideId "4195752"]
[BlackFideId "2034360"]
[WhiteElo "2577"]
[BlackElo "2171"]
[Result "0-1"]
[Round "10"]
[TimeControl "180+2"]
[Date "2023.07.04"]
[WhiteClock "0:00:00"]
[BlackClock "0:00:08"]
[Board "132"]

1. d4 Nf6 2. Nf3 e6 3. c4 Bb4+ 4. Bd2 a5 5. a3 Bxd2+ 6. Qxd2 d6 7. Nc3 Nbd7 8. e4 e5 9. Bd3 O-O 10. O-O h6 11. h3 Re8 12. Rfe1 Qe7 13. Nd5 Qd8 14. Bc2 c6 15. Nxf6+ Qxf6 16. Rad1 Nf8 17. dxe5 dxe5 18. Qc3 Ng6 19. c5 Be6 20. b4 axb4 21. axb4 Ra2 22. Rd6 Rea8 23. Bd3 R8a3 24. Qc1 Nf4 25. Bf1 Nxh3+ 26. gxh3 Qxf3 27. Rd2 Ra1 28. Qxa1 Rxa1 29. Rxa1 g5 30. Rad1 Qxe4 31. b5 Bd5 32. Rxd5 cxd5 33. Bg2 Qb4 34. c6 Qxb5 35. Rxd5 Qb1+ 36. Kh2 bxc6 37. Rxe5 Qc2 38. Re8+ Kg7 39. Kg1 c5 40. Re3 c4 41. Be4 Qd2 42. Kg2 Qd4 43. Bf3 f5 44. Re7+ Kf6 45. Rc7 c3 46. Rc6+ Kg7 47. Rc7+ Kf8 48. Rc8+ Ke7 49. Rc7+ Kd8 50. Rc6 g4 51. hxg4 fxg4 0-1


[Site "https://www.chess.com"]

[Event "Titled Tuesday Blitz July 4 Early 2023"]
[White "Wang, Alexander J"]
[Black "Moral Garcia, Serafin"]
[WhiteFideId "30955270"]
[BlackFideId "2201925"]
[WhiteElo "2291"]
[BlackElo "2549"]
[Result "1-0"]
[Round "10"]
[TimeControl "180+2"]
[Date "2023.07.04"]
[WhiteClock "0:00:03"]
[BlackClock "0:01:44"]
[Board "133"]

1. e4 c5 2. Nf3 e6 3. d4 cxd4 4. Nxd4 Nc6 5. Nc3 Qc7 6. g3 a6 7. Bg2 d6 8. O-O Bd7 9. Be3 Nf6 10. h3 b5 11. a3 Be7 12. Nde2 Ne5 13. b3 Rc8 14. Qd2 O-O 15. f4 Ng6 16. Rad1 Rfd8 17. Bf3 Bc6 18. h4 Nf8 19. Nd4 Bb7 20. Nce2 d5 21. e5 Ne4 22. Bxe4 dxe4 23. c3 Nd7 24. f5 exf5 25. Rxf5 Nxe5 26. Bf4 Bd6 27. Bxe5 Bxe5 28. Rdf1 f6 29. Qe3 Qc5 30. b4 Qc4 31. g4 Qd3 32. Qxd3 exd3 33. Nf4 Rxc3 34. Nfe6 Re8 35. g5 Be4 36. R5f2 f5 37. Nxf5 Rcc8 38. Ne7+ Kh8 39. Nxc8 h5 40. Rf8+ Rxf8 41. Rxf8+ Kh7 42. Rd8 Kg6 43. Ne7+ Kf7 44. Nc6 Bb2 45. Nc5 Bxc6 46. Nxd3 Be5 47. Nxe5+ 1-0


[Site "https://www.chess.com"]